 Dungeon Crawl Stone Soup version 0.27.1-3-gb3d3a73c9e (webtiles) character file.

Game seed: 7547598453620302539

80 nxtlvl the Bolt Thrower (level 4, 0/33 HPs)
             Began as a Formicid Hunter on Oct 14, 2021.
             Succumbed to Jessica's poison
             ... on level 2 of the Dungeon.
             The game lasted 00:10:41 (896 turns).

nxtlvl the Bolt Thrower (Formicid Hunter)            Turns: 896, Time: 00:10:42

Health: 0/33       AC: 10    Str: 17    XL:     4   Next: 65%
Magic:  4/4        EV:  9    Int: 10    God:
Gold:   98         SH:  0    Dex: 12    Spells: 3/3 levels left

rFire    . . .     SeeInvis +   b - +1 dagger (venom)
rCold    . . .     Faith    .   (no shield)
rNeg     . . .     Spirit   .   c - +0 scale mail
rPois    .         Reflect  .   (helmet unavailable)
rElec    .         Harm     .   (no cloak)
rCorr    .         Rampage  .   (no gloves)
Will     .....                  (no boots)
Stlth    ..........             (no amulet)
HPRegen  0.11/turn              j - +4 ring of protection
MPRegen  0.09/turn              (no ring)

@: mighty, lethally poisoned (0 -> -32)
A: permanent stasis, dig shafts and tunnels, antennae 3, four strong arms
a: Dig, Shaft Self


You were on level 2 of the Dungeon.
You visited 1 branch of the dungeon, and saw 2 of its levels.

You collected 98 gold pieces.

Inventory:

Hand Weapons
 a - a +1 hand crossbow
 b - a +1 dagger of venom (weapon)
Missiles
 d - 14 bolts
 f - 18 poisoned darts (quivered)
 l - 34 arrows
Armour
 c - a +0 scale mail (worn)
 h - a +0 pair of gloves
Magical Staves
 k - a staff of death
Jewellery
 j - a +4 ring of protection (left hand)
Scrolls
 e - 2 scrolls of identify {unknown}
 g - a scroll of amnesia {unknown}
Potions
 m - a potion of ambrosia {unknown}
 n - a potion of brilliance {unknown}


   Skills:
 - Level 2.1 Fighting
 + Level 5.7 Crossbows
 - Level 1.7 Dodging
 - Level 1.2 Stealth


You had 3 spell levels left.
You didn't know any spells.
Your spell library was empty.

Dungeon Overview and Level Annotations

Branches:
Dungeon (2/15)

Altars:
The Shining One

Annotations:
D:2 Jessica, Sigmund


Innate Abilities, Weirdness & Mutations

You cannot be hasted, slowed, berserked, paralysed or teleported.
You can dig through walls and to a lower floor.
You have a pair of large antennae on your head. (SInv)
Your four strong arms can wield two-handed weapons with a shield.


Message History

Jessica blinks!
Fire: 17 bolts
Press: ? - help, Q - select action, (/) - cycle Shift-Dir - straight line, f/p - Jessica
Aim: Jessica, wielding a +2 dagger of venom and wearing a +0 robe (65% to hit)
You shoot a bolt. The bolt closely misses Jessica.
Jessica points at you and mumbles some strange words.
You resist with some effort.
Fire: 16 bolts
Press: ? - help, Q - select action, (/) - cycle Shift-Dir - straight line, f/p - Jessica
Aim: Jessica, wielding a +2 dagger of venom and wearing a +0 robe (65% to hit)
You shoot a bolt. The bolt barely misses Jessica.
Fire: 15 bolts
Press: ? - help, Q - select action, (/) - cycle Shift-Dir - straight line, f/p - Jessica
Aim: Jessica, wielding a +2 dagger of venom and wearing a +0 robe (65% to hit)
You shoot a bolt. The bolt closely misses Jessica.
Your +1 dagger of venom begins to drip with poison!
b - a +1 dagger of venom (weapon)
You hit Jessica.
Jessica is moderately wounded.
Jessica hits you with a +2 dagger of venom.
You are poisoned.
You barely miss Jessica.
Jessica is moderately wounded.
You feel very sick.
Jessica hits you with a +2 dagger of venom.
You are more poisoned.
You completely miss Jessica.
Jessica is moderately wounded.
You feel very sick.
Jessica hits you with a +2 dagger of venom!
You are more poisoned.
You hit Jessica.
Jessica is severely wounded.
* * * LOW HITPOINT WARNING * * *
You feel very sick. Jessica hits you but does no damage.
You are more poisoned.
It was a potion of might.
You feel very mighty all of a sudden.
You die...

#.# #.# #.# #.#
#.# ### #.#
##... #.#
......#######.#
......@@......#
.._..(#########
(.... (... ###


You could see Jessica.

Vanquished Creatures
  Natasha (D:2)
  2 adders (D:2)
  2 dart slugs (D:2)
  2 endoplasms
  2 giant cockroaches
  2 hobgoblins (D:1)
  5 jackals
  2 kobolds (D:1)
  3 quokkas
  A bat (D:2)
  3 frilled lizards
  11 rats
36 creatures vanquished.

Notes
Turn   | Place    | Note
-------+----------+-------------------------------------------
     0 | D:1      | nxtlvl the Formicid Hunter began the quest for the Orb.
     0 | D:1      | Reached XP level 1. HP: 16/16 MP: 1/1
   328 | D:1      | Reached XP level 2. HP: 11/22 MP: 2/2
   460 | D:1      | Reached XP level 3. HP: 23/27 MP: 3/3
   594 | D:2      | Reached skill level 5 in Crossbows
   641 | D:2      | Reached XP level 4. HP: 23/33 MP: 4/4
   762 | D:2      | Noticed Natasha
   814 | D:2      | Killed Natasha
   840 | D:2      | Noticed Sigmund
   854 | D:1      | You fall into a shaft and drop 1 floor!
   883 | D:2      | Found a glowing golden altar of the Shining One.
   885 | D:2      | Noticed Jessica
   896 | D:2      | Succumbed to Jessica's poison

Illustrated notes

Levels and vault maps discovered:
D:1:      lemuel_arrival_behind_the_door_small, layout_loops_corners,
          minmay_rat_gold_closets
D:2:      layout_basic, basic_altar, uniq_sigmund, uniq_natasha, uniq_jessica

Skill      XL: |  1  2  3 |
---------------+----------+-----
Crossbows      | 5 |  5.7
Fighting       | |  2.1
Dodging        | |  1.7
Stealth        | |  1.2

Action                   |  1- 3 |  4- 6 || total
-------------------------+-------+-------++-------
Melee: Dagger            |    59 |    32 ||    91
 Fire: Hand crossbow     |    16 |     4 ||    20
 Abil: Dig               |     4 |     9 ||    13
       Shaft Self        |       |     1 ||     1
  Use: Potion            |       |     1 ||     1
 Stab: Sleeping          |     3 |       ||     3
Armor: Leather armour    |     5 |       ||     5
       Scale mail        |     5 |    16 ||    21
Dodge: Dodged            |    30 |    11 ||    41
